 Dungeon Crawl Stone Soup version 0.24-b1 (webtiles) character file.

Game seed: 14610579942037935693, levelgen mode: deterministic

221746 Kohma the Black Belt (level 18, 0/218 HPs)
             Began as a Grey Draconian Transmuter on Oct 11, 2019.
             Was a High Priest of Ru.
             Blown up by an orb spider (36 damage)
             ... with an orb of destruction
             ... on level 4 of the Spider Nest on Oct 12, 2019.
             The game lasted 03:25:09 (58467 turns).

Kohma the Black Belt (Grey Draconian Transmuter)   Turns: 58467, Time: 03:25:10

Health: 0/218      AC: 29    Str: 19    XL:     18   Next: 51%
Magic:  32/32      EV: 20    Int: 18    God:    Ru [*****.]
Gold:   1276       SH:  4    Dex: 16    Spells: 4/37 levels left

rFire    . . .     SeeInvis +     - Unarmed
rCold    . . .     Gourm    .   (shield unavailable)
rNeg     + . .     Faith    .   (armour unavailable)
rPois    ∞         Spirit   .   I - +0 mask of the Dragon {MR+ Slay+3 SInv}
rElec    +         Reflect  +   p - +2 cloak
rCorr    .         Harm     .   (gloves currently unavailable)
MR       ++...                  (boots currently unavailable)
Stlth    ..........             t - +4 amulet of reflection
HPRegen  0.00/turn              (ring unavailable)
MPRegen  0.23/turn              j - ring of Xom's Wantonness {rPois Str+4 Int+3 Stlth+}

@: statue-form, very slow
A: (walk through water), unfitting armour, inhibited regeneration, unbreathing,
cold-blooded, missing a hand, no stealth, inexperienced 1, AC +15
}: 1/15 runes: decaying
a: End Transformation, Draw Out Power, Power Leap, Apocalypse, Renounce Religion


You were on level 4 of the Spider Nest.
You worshipped Ru.
Ru was extremely pleased with you.
You were not hungry.
You were a stone statue.
You visited 7 branches of the dungeon, and saw 34 of its levels.
You also visited: Ossuary and Ice Cave.

You collected 3806 gold pieces.
You spent 2530 gold pieces at shops.

Inventory:

Missiles
 a - 599 arrows
 r - 25 curare-tipped darts (quivered)
Armour
 p - a +2 cloak (worn)
 I - the +0 mask of the Dragon (worn) {MR+ Slay+3 SInv}
   (You found it on level 4 of the Swamp)

   It affects your accuracy and damage with ranged weapons and melee attacks
   (+3).
   It affects your resistance to hostile enchantments.
   It lets you see invisible.
 S - the +2 pair of gloves "Tyuhaih" (melded) {rF+}
   (You found it on level 2 of the Lair of Beasts)

   It protects you from fire.
Jewellery
 j - the ring of Xom's Wantonness (right hand) {rPois Str+4 Int+3 Stlth+}
   (You found it on level 2 of the Elven Halls)

   [ring of poison resistance]

   It affects your strength (+4).
   It affects your intelligence (+3).
   It protects you from poison.
   It makes you more stealthy.
 k - a +5 ring of protection
 l - an uncursed ring of protection from cold
 m - an uncursed ring of positive energy
 t - a +4 amulet of reflection (around neck)
 y - an uncursed ring of see invisible
 B - an uncursed amulet of the acrobat
 H - the ring "Ytutuits" {+Fly rElec MR++}
   (You bought it in a shop on level 2 of the Orcish Mines)

   [ring of flight]

   It insulates you from electricity.
   It affects your resistance to hostile enchantments.
   It lets you fly.
 M - an uncursed ring of resist corrosion
Wands
 n - a wand of scattershot (3)
 v - a wand of paralysis (5)
 E - a wand of acid (36)
 T - a wand of digging (9)
 Z - a wand of polymorph (15)
Scrolls
 d - 17 scrolls of remove curse
 e - 8 scrolls of enchant armour
 w - a scroll of enchant weapon
 x - 2 scrolls of fear
 z - 13 scrolls of teleportation
 A - 7 scrolls of magic mapping
 D - 2 scrolls of summoning
 O - a scroll of silence
 Q - 15 scrolls of identify
 X - 2 scrolls of holy word
 Y - a scroll of blinking
Potions
 b - 5 potions of might
 g - 17 potions of curing
 h - 5 potions of lignification
 i - 3 potions of brilliance
 o - 4 potions of haste
 q - 4 potions of cancellation
 s - a potion of resistance
 u - 4 potions of flight
 C - a potion of magic
 F - a potion of heal wounds
 G - 7 potions of mutation
 J - 3 potions of ambrosia
 K - a potion of invisibility
 L - 3 potions of agility
 V - 4 potions of berserk rage
Miscellaneous
 P - a lamp of fire
 R - a phial of floods
 U - 2 boxes of beasts
Comestibles
 c - 50 rations
 N - a chunk of flesh


   Skills:
 + Level 16.4 Fighting
 - Level 11.0 Dodging
 * Level 17.6 Unarmed Combat
 - Level 10.0 Spellcasting
 - Level 2.3 Charms
 - Level 6.0 Necromancy
 - Level 13.0 Transmutations
 - Level 12.0 Earth Magic
 - Level 4.0 Poison Magic
 - Level 8.5 Evocations


You had 4 spell levels left.
You knew the following spells:

 Your Spells              Type           Power        Failure   Level  Hunger
a - Blink                 Tloc           N/A          12%         2    None
b - Sticks to Snakes      Tmut           ######..     1%          2    None
c - Spider Form           Tmut/Pois      #####.....   1%          3    None
d - Blade Hands           Tmut           ######....   1%          5    #####..
e - Regeneration          Chrm/Necr      ###.......   4%          3    None
f - Animate Dead          Necr           N/A          7%          4    ###....
g - Statue Form           Tmut/Erth      ######...    7%          6    ######.
h - Passwall              Tmut/Erth      ######..     1%          2    None
i - Borgnjor's Vile Clut  Necr/Erth      #####.....   5%          5    #####..
j - Apportation           Tloc           #.....       8%          1    None

Your spell library contained the following spells:

 Spells                   Type           Power        Failure   Level  Hunger
 Animate Skeleton         Necr           N/A          1%          1    None
 Beastly Appendage        Tmut           ######       1%          1    None
 Pain                     Necr           ####         1%          1    None
 Vampiric Draining        Necr           ####......   1%          3    None
 Petrify                  Tmut/Erth      ######..     1%          4    ###....
 Ice Form                 Ice/Tmut       ####....     5%          4    ###....
 Leda's Liquefaction      Hex/Erth       ####......   7%          4    ###....
 Confusing Touch          Hex            #.....       8%          1    None
 Summon Small Mammal      Summ           #...         8%          1    None
 Shroud of Golubria       Chrm/Tloc      ##....       8%          2    None
 Ensorcelled Hibernation  Hex/Ice        #.....       12%         2    None
 Confuse                  Hex            #.......     24%         3    None
 Gell's Gravitas          Tloc           #.........   24%         3    None
 Lesser Beckoning         Tloc           #.........   24%         3    None
 Teleport Other           Tloc           #.......     24%         3    None
 Passage of Golubria      Tloc           N/A          61%         4    ###....
 Yara's Violent Unravell  Hex/Tmut       ####......   16%         5    #####..
 Agony                    Necr           ####....     19%         5    #####..
 Bolt of Magma            Conj/Fire/Erth ###.......   38%         5    #####..
 Excruciating Wounds      Chrm/Necr      ###.......   38%         5    #####..
 Bolt of Draining         Conj/Necr      ###.......   54%         5    #####..
 Iron Shot                Conj/Erth      ####......   71%         6    ######.
 Metabolic Englaciation   Hex/Ice        #.........   91%         5    #####..
 Silence                  Hex/Air        #.........   91%         5    #####..
 Darkness                 Hex            #.........   100%        6    ######.
 Shadow Creatures         Summ           N/A          100%        6    ######.
 Shatter                  Erth           ######....   100%        9    #######


Dungeon Overview and Level Annotations

Branches:
Dungeon (15/15)            Temple (1/1) D:7            Lair (6/6) D:11
  Swamp (4/4) Lair:4       Spider (4/4) Lair:4        Slime (0/5) Lair:5
    Orc (2/2) D:10            Elf (2/3) Orc:2        Vaults (0/5) D:13
 Depths (0/5) D:15        Ossuary (visited)           IceCv (visited)

Altars:
Ashenzari
Cheibriados
Dithmenos
Elyvilon
Fedhas
Gozag
Hepliaklqana
Kikubaaqudgha
Makhleb
Nemelex Xobeh
Okawaru
Qazlal
Ru
Sif Muna
Trog
Uskayaw
Vehumet
Wu Jian
Xom
Yredelemnul
Zin
The Shining One

Shops:
D:7 ?   D:14 !   Orc:2 *([=   Elf:2 *

Portals:
Trove: D:10 (give 9 potions of haste)

Annotations:
Swamp:3 2 transporters
Elf:2 5 runed translucent doors, exclusion: 5 doors


Innate Abilities, Weirdness & Mutations

((You can walk through water.))
((Your dull iron-grey scales are very hard. (AC +15)))
You cannot fit into any form of body armour.
You do not regenerate when monsters are visible.
You can survive without breathing.
You are cold-blooded and may be slowed by cold attacks.
You are missing a hand.
You cannot be stealthy.
You are somewhat inexperienced. (-2 XL)


Message History

You closely miss the jumping spider.
The jumping spider is lightly wounded.
You redirect the orb spider's attack!
The tarantella barely misses you.
You punch the jumping spider!
The jumping spider is heavily wounded.
The tarantella barely misses you.
You redirect the jumping spider's attack!
The jumping spider misses you.
The jumping spider bites you but does no damage.
You squash the jumping spider like an ant!!!
You kill the jumping spider!
You block the tarantella's attack. x2
The orb spider weaves a glowing orb of energy.
An orb of destruction comes into view.
You pound the tarantella into fine dust!!!
You kill the tarantella!
You redirect the orb spider's attack!
The orb of destruction hits you!!!
You die...

.##........^..
.#...^...^...#...#..##
.##.#s.....#....^....
.###..s.............
.#.s†......#..)...)
.##^s^.......^....##
##†s..#......ss...^#
.s...^#..#.....○..#
......#.#......○8#
......#.##....#^.#
...[.....#^.. ####
..^.........
#.......... ##########


You could see 2 orb spiders.

Vanquished Creatures
  Gastronok (Lair:3)
  Frances (Swamp:1)
  Kirke (Spider:4)
  A thorn hunter (Swamp:4)
  Roxanne (Spider:1)
  A storm dragon (shapeshifter) (D:15)
  A deep elf sorcerer (Elf:1)
  3 orc warlords
  3 emperor scorpions
  2 angels (Elf:2)
  A deep elf elementalist (Elf:2)
  A reaper (IceCv)
  A deep elf demonologist (Elf:1)
  An entropy weaver (Spider:2)
  A deep elf annihilator (Elf:2)
  2 deep elf death magi
  A fire dragon (shapeshifter) (D:15)
  A fire dragon (D:15)
  2 rakshasas (D:15)
  An ice dragon (Lair:6)
  18 hydras
  A yaktaur captain (D:13)
  4 ghost crabs
  15 two-headed ogres
  2 shambling mangroves (Swamp:4)
  A death knight (D:14)
  The ghost of RexLacerta the Basher, a journeyman GrMo of Zin (D:10)
  4 centaur warriors
  An ogre mage (D:15)
  3 tengu warriors
  9 alligators
  10 dancing weapons
  3 orc high priests
  5 deep elf knights
  2 spriggan berserkers (Swamp:4)
  Urug (Lair:1)
  6 skeletal warriors
  An unseen horror (D:15)
  2 wizards
  2 lindwurms (Lair:6)
  Pikel (D:3)
  11 swamp dragons
  7 orc knights
  5 deep elf archers
  2 necromancers (Elf:1)
  15 orb spiders
  2 orc sorcerers
  23 deep elf magi
  2 cyclopes
  A manticore (D:11)
  8 elephants
  29 wolf spiders
  15 ugly things
  A moth of wrath (Spider:2)
  A guardian serpent (Lair:6)
  3 ice statues
  11 black mambas
  A guardian serpent (shapeshifter) (D:15)
  26 spiny frogs
  6 torpor snails
  A rime drake (shapeshifter) (D:15)
  A freezing wraith (Lair:4)
  2 rime drakes
  9 ice devils (IceCv)
  2 efreet (D:13)
  6 demonic crawlers
  2 yaktaurs (D:13)
  13 komodo dragons
  25 jumping spiders
  A tengu conjurer (D:13)
  10 tyrant leeches
  3 meliai (Lair:4)
  A queen bee (Lair:4)
  9 trolls
  11 blink frogs
  22 hornets
  9 polar bears
  Prince Ribbit (D:5)
  13 slime creatures
  9 hippogriffs
  12 bog bodies
  51 redbacks
  5 spriggans
  3 air elementals
  4 shadows
  14 wyverns
  34 yaks
  33 tarantellas
  A human (D:9)
  2 basilisks
  23 vampire mosquitoes
  5 hogs
  A fire elemental (Elf:2)
  2 hungry ghosts
  Menkaure (Ossuary)
  7 wargs
  2 steam dragons
  7 insubstantial wisps
  19 swamp worms
  16 water moccasins
  41 orc warriors
  10 porcupines
  8 black bears
  8 sky beasts
  15 swamp drakes
  11 ice beasts
  A hornet zombie (D:14)
  2 phantoms
  2 large abominations (Elf:1)
  4 wolves (Lair:1)
  7 boggarts (D:15)
  2 centaurs
  17 ogres
  16 crocodiles
  A big kobold (D:10)
  15 bullfrogs
  2 elf zombies (Elf:1)
  3 earth elementals
  A gnoll sergeant (D:10)
  3 scorpions
  A hornet simulacrum (D:14)
  27 killer bees
  4 electric eels
  A howler monkey (D:12)
  2 crimson imps
  8 centaur zombies
  2 bullfrog zombies
  A quasit (D:9)
  8 jellies
  15 orc priests
  2 bullfrog skeletons
  5 hounds
  5 centaur skeletons
  22 orc wizards
  3 iguanas
  8 worker ants
  A killer bee zombie (D:4)
  A hound skeleton (D:7)
  4 mummies
  A worker ant zombie (D:11)
  6 gnolls
  11 adders
  5 shadow imps
  9 white imps
  7 ufetubi (IceCv)
  An adder zombie (D:7)
  An adder skeleton (D:4)
  2 worms (D:2)
  4 dart slugs
  4 leopard geckos
  67 orcs
  6 giant cockroaches
  A gnoll zombie (Ossuary)
  10 goblins
  11 hobgoblins
  8 jackals
  10 kobolds
  7 quokkas
  5 bats
  2 frilled lizards
  4 gnoll skeletons (Ossuary)
  4 goblin skeletons (Ossuary)
  4 goblin zombies (Ossuary)
  5 hobgoblin skeletons (Ossuary)
  2 hobgoblin zombies (Ossuary)
  9 kobold zombies (Ossuary)
  4 orc skeletons (Ossuary)
  4 orc zombies (Ossuary)
  A quokka skeleton (D:7)
  6 rats
  7 rat skeletons (Ossuary)
  3 rat zombies (Ossuary)
  2 fungi
  2 plants (Lair:6)
1204 creatures vanquished.

Vanquished Creatures (collateral kills)
  Aizul (Lair:4)
  3 wolf spiders (Lair:4)
  A phantom (D:4)
  A big kobold (D:10)
  4 adders
  A worm (D:2)
  2 orcs
  A ball python (D:3)
  A giant cockroach (D:3)
  A hobgoblin (D:2)
  3 jackals
  A kobold (D:3)
  A bat (D:3)
  A goblin zombie (Ossuary)
  A hobgoblin zombie (Ossuary)
  A kobold skeleton (Ossuary)
24 creatures vanquished.

Vanquished Creatures (others)
  Arachne (Spider:2)
  A deep elf annihilator (Elf:2)
  5 hydras
  A deep elf knight (Elf:2)
  A large abomination (Elf:1)
  A necromancer (Elf:1)
  An orc sorcerer (Orc:1)
  2 spiny frogs
  A torpor snail (Lair:6)
  2 jumping spiders
  3 redbacks
  A tarantella (Spider:1)
  A human (Spider:4)
  A vampire mosquito (D:14)
  An acid dragon (D:14)
  An insubstantial wisp (Swamp:4)
  A water moccasin (Lair:5)
  An eye of draining (D:12)
  An ogre (D:4)
  A boggart (D:15)
  A quasit (D:14)
  4 white imps (IceCv)
  2 ufetubi (IceCv)
  A worm (D:4)
  2 orcs
  14 fungi
  24 plants
76 creatures vanquished.

Grand Total: 1304 creatures vanquished

Notes
Turn   | Place    | Note
-------+----------+-------------------------------------------
     0 | D:1      | Kohma the Draconian Transmuter began the quest for the Orb.
     0 | D:1      | Reached XP level 1. HP: 16/16 MP: 3/3
   216 | D:1      | Reached XP level 2. HP: 21/23 MP: 5/5
   220 | D:1      | Learned a level 2 spell: Sticks to Snakes
   273 | D:1      | Reached skill level 4 in Unarmed Combat
   384 | D:1      | Reached XP level 3. HP: 24/28 MP: 4/6
   859 | D:2      | Found an opulent altar of Gozag.
  1171 | D:2      | Reached XP level 4. HP: 24/35 MP: 7/7
  1327 | D:2      | Reached skill level 5 in Unarmed Combat
  1343 | D:2      | Learned a level 3 spell: Spider Form
  2395 | D:3      | Reached XP level 5. HP: 36/40 MP: 4/8
  2892 | D:4      | Noticed a slave
  2892 | D:4      | Noticed a slave
  3179 | D:4      | Noticed an ogre
  3561 | D:4      | Noticed a slave
  3562 | D:4      | Noticed a slave
  3568 | D:4      | Noticed Pikel
  3690 | D:3      | Killed Pikel
  3690 | D:3      | Reached XP level 6. HP: 34/47 MP: 0/9
  3690 | D:3      | Your scales start taking on a dull iron-grey colour.
  3690 | D:3      | Reached XP level 7. HP: 38/52 MP: 0/10
  3690 | D:3      | Gained mutation: You can survive without breathing. [Grey
                  | Draconian growth]
  3950 | D:4      | Reached skill level 1 in Poison Magic
  5818 | D:5      | Entered Level 5 of the Dungeon
  6050 | D:5      | Reached XP level 8. HP: 32/59 MP: 7/11
  6341 | D:5      | Found an ancient bone altar of Kikubaaqudgha.
  6459 | D:5      | Noticed Prince Ribbit
  6475 | D:5      | Killed Prince Ribbit
  6475 | D:5      | Reached skill level 6 in Unarmed Combat
  7479 | D:6      | Reached skill level 7 in Unarmed Combat
  7655 | D:6      | Found a snail-covered altar of Cheibriados.
  8272 | D:6      | Found an ornate altar of the Wu Jian Council.
  8371 | D:7      | Found Biheyjut's Magic Scroll Boutique.
  8392 | D:7      | Bought a scroll of identify for 32 gold pieces
  8392 | D:7      | Bought a scroll of teleportation for 48 gold pieces
  8392 | D:7      | Bought a scroll of identify for 32 gold pieces
  8392 | D:7      | Bought a scroll of identify for 32 gold pieces
  8529 | D:7      | Reached skill level 8 in Unarmed Combat
  8529 | D:7      | Reached XP level 9. HP: 50/70 MP: 5/12
  9051 | D:7      | Learned a level 5 spell: Blade Hands
  9076 | D:7      | Found a staircase to the Ecumenical Temple.
  9090 | Temple   | Entered the Ecumenical Temple
  9178 | Temple   | Became a worshipper of Ru the Awakened
  9442 | D:7      | Reached skill level 5 in Fighting
 10179 | D:7      | Bought a scroll of summoning for 152 gold pieces
 10252 | D:8      | Found a sand-covered staircase.
 10276 | Ossuary  | Entered an ossuary
 10514 | Ossuary  | Gained mutation: You are somewhat inexperienced. (-2 XL)
                  | [Ru sacrifice]
 10514 | Ossuary  | Reached XP level 8. HP: 63/68 MP: 11/11
 10514 | Ossuary  | Reached XP level 7. HP: 61/61 MP: 10/10
 10514 | Ossuary  | Reached * piety under Ru
 10514 | Ossuary  | Reached ** piety under Ru
 10624 | Ossuary  | Noticed Menkaure
 10665 | Ossuary  | Killed Menkaure
 10933 | Ossuary  | Reached skill level 10 in Unarmed Combat
 10933 | Ossuary  | Reached skill level 10 in Transmutations
 10933 | Ossuary  | Reached XP level 8. HP: 68/68 MP: 11/11
 11293 | D:8      | Reached XP level 9. HP: 63/74 MP: 5/12
 11472 | D:9      | Found a shattered altar of Ashenzari.
 11936 | D:9      | Reached skill level 5 in Dodging
 12400 | D:10     | Entered Level 10 of the Dungeon
 12428 | D:10     | Noticed a two-headed ogre
 12453 | D:10     | Killed a two-headed ogre
 12453 | D:10     | Reached XP level 10. HP: 69/83 MP: 8/15
 12489 | D:10     | Gained mutation: You cannot be stealthy. [Ru sacrifice]
 12489 | D:10     | Reached *** piety under Ru
 12827 | D:10     | Found a runed translucent door.
 12828 | D:10     | Found a shimmering altar of Xom.
 12828 | D:10     | Noticed RexLacerta's ghost (journeyman GrMo)
 12828 | D:10     | Noticed a +1 war axe of chaos
 12910 | D:10     | Found a portal to a secret trove of treasure.
 12970 | D:10     | Found a staircase to the Orcish Mines.
 13085 | D:10     | Reached skill level 5 in Spellcasting
 13157 | Orc:1    | Entered Level 1 of the Orcish Mines
 13159 | Orc:1    | Noticed an orc warlord
 13160 | Orc:1    | Noticed an orc sorcerer
 13162 | Orc:1    | Noticed a two-headed ogre
 13162 | Orc:1    | Noticed an orc knight
 13164 | Orc:1    | Noticed an orc warlord
 13477 | D:11     | Noticed a two-headed ogre
 13485 | D:11     | Killed a two-headed ogre
 13546 | D:11     | Learned a level 3 spell: Regeneration
 13566 | D:11     | Noticed a two-headed ogre
 13578 | D:11     | Killed a two-headed ogre
 13578 | D:11     | Reached XP level 11. HP: 52/92 MP: 13/20
 14145 | D:11     | Found a staircase to the Lair.
 14580 | D:12     | Gained mutation: You do not regenerate when monsters are
                  | visible. [Ru sacrifice]
 14734 | D:12     | Found a sparkling altar of Nemelex Xobeh.
 14819 | D:12     | Reached skill level 1 in Evocations
 14821 | D:12     | Noticed a green ugly thing
 14824 | D:12     | Noticed a seven-headed hydra
 14826 | D:12     | Noticed a six-headed hydra
 15030 | Lair:1   | Entered Level 1 of the Lair of Beasts
 15077 | Lair:1   | Noticed Urug
 15100 | Lair:1   | Killed Urug
 16306 | Lair:1   | Reached XP level 12. HP: 99/104 MP: 15/21
 16941 | Lair:2   | Reached skill level 5 in Evocations
 17666 | Lair:2   | Reached skill level 10 in Fighting
 17719 | Lair:2   | Got a pair of twisted gloves
 17725 | Lair:2   | Identified the +2 pair of gloves "Tyuhaih" {rF+} (You found
                  | it on level 2 of the Lair of Beasts)
 17764 | Lair:2   | Gained mutation: You are missing a hand. [Ru sacrifice]
 17764 | Lair:2   | Reached **** piety under Ru
 17764 | Lair:2   | Reached ***** piety under Ru
 18215 | Lair:2   | Reached skill level 1 in Necromancy
 18228 | Lair:2   | Reached skill level 1 in Charms
 18941 | Lair:3   | Noticed Gastronok
 18958 | Lair:3   | Killed Gastronok
 20201 | Lair:4   | Found a staircase to the Swamp.
 20274 | Lair:4   | Found a hole to the Spider Nest.
 20600 | Lair:4   | Reached skill level 11 in Unarmed Combat
 21186 | Lair:4   | Reached XP level 13. HP: 75/115 MP: 17/22
 22467 | Lair:5   | Found a staircase to the Slime Pits.
 22557 | Lair:5   | Found a blossoming altar of Fedhas.
 23188 | Lair:6   | Entered Level 6 of the Lair of Beasts
 23413 | Lair:6   | Reached skill level 10 in Dodging
 24080 | Lair:6   | Reached skill level 12 in Unarmed Combat
 25518 | Lair:6   | Paralysed by a hornet for 1 turns
 25824 | Lair:6   | Found a runed translucent door.
 26021 | Lair:6   | Paralysed by a hornet for 1 turns
 26023 | Lair:6   | Reached XP level 14. HP: 73/127 MP: 21/24
 26026 | Lair:6   | Paralysed by a hornet for 3 turns
 27871 | D:7      | Bought a scroll of acquirement for 832 gold pieces
 27969 | D:10     | Killed an orc warlord
 27985 | D:10     | Killed an orc warlord
 28568 | Orc:1    | Found a radiant altar of Vehumet.
 28870 | Orc:2    | Entered Level 2 of the Orcish Mines
 28870 | Orc:2    | Found Otay's Antique Armour Shoppe.
 29216 | Orc:1    | Reached skill level 13 in Unarmed Combat
 29560 | Orc:2    | Found Pothaex's Antique Weapon Emporium.
 30108 | Orc:2    | Found a staircase to the Elven Halls.
 30111 | Orc:2    | Found Nofoa's General Store.
 30120 | Orc:2    | Bought a potion of heal wounds for 85 gold pieces
 30807 | Orc:2    | Noticed an orc warlord
 30821 | Orc:2    | Killed an orc warlord
 31177 | Orc:2    | Found Quosmat's Jewellery Shoppe.
 31506 | Orc:2    | Bought a +5 ring of protection for 715 gold pieces
 31506 | Orc:2    | Bought the ring "Ytutuits" {+Fly rElec MR++} for 518 gold
                  | pieces
 31511 | Orc:2    | Learned a level 2 spell: Blink
 31516 | Orc:2    | Learned a level 4 spell: Animate Dead
 31976 | D:12     | Reached skill level 10 in Spellcasting
 32696 | D:13     | Reached XP level 15. HP: 136/136 MP: 26/29
 33014 | D:13     | Found a gate to the Vaults.
 33677 | D:14     | Found a frozen archway.
 33688 | IceCv    | Entered an ice cave
 34017 | IceCv    | Reached skill level 5 in Necromancy
 35382 | D:14     | Found Hekibb's Distillery.
 35386 | D:14     | Bought a potion of degeneration for 14 gold pieces
 35386 | D:14     | Bought a potion of heal wounds for 70 gold pieces
 35626 | D:15     | Entered Level 15 of the Dungeon
 36313 | D:15     | Reached skill level 14 in Unarmed Combat
 37911 | D:15     | Reached XP level 16. HP: 76/147 MP: 24/30
 38171 | D:15     | Noticed a storm dragon
 38171 | D:15     | an emperor scorpion changed into a storm dragon
 38178 | D:15     | Killed a storm dragon
 38897 | D:15     | Found a staircase to the Depths.
 39349 | Swamp:1  | Entered Level 1 of the Swamp
 39394 | Swamp:1  | Learned a level 6 spell: Statue Form
 39434 | Swamp:1  | Got a pitted diamond amulet
 39440 | Swamp:1  | Identified the amulet "Liumexi" {+Rage Int+4} (You found it
                  | on level 1 of the Swamp)
 39522 | Swamp:1  | Reached skill level 1 in Earth Magic
 39668 | Swamp:1  | Noticed Frances
 39681 | Swamp:1  | Killed Frances
 40403 | Swamp:1  | Upgraded the game from 0.24-a0-809-g71cb82dfb8 to 0.24-b1
 40588 | D:10     | Killed RexLacerta's ghost
 40881 | Spider:1 | Entered Level 1 of the Spider Nest
 40881 | Spider:1 | Found the +0 staff of Battle
 40893 | Spider:1 | Reached skill level 15 in Unarmed Combat
 40897 | Spider:1 | Noticed Aizul
 41977 | Elf:1    | Entered Level 1 of the Elven Halls
 42325 | Elf:1    | Reached skill level 5 in Earth Magic
 42817 | Elf:1    | Noticed an Executioner
 44551 | Elf:1    | Identified Fifew's Incunabulum of Stolen Souls
 45548 | Elf:2    | Found a glowing golden altar of the Shining One.
 45548 | Elf:2    | Found a white marble altar of Elyvilon.
 45579 | Elf:2    | Found a glowing silver altar of Zin.
 46125 | Elf:2    | Got a pitted trident
 46126 | Elf:2    | Identified the cursed +0 trident of Skirmishing {flame,
                  | *Noise Fragile Dex+9 SInv} (You found it on level 2 of the
                  | Elven Halls)
 46799 | Elf:2    | Found Lischesmu's General Store.
 46832 | Elf:2    | Got a glittering glass ring
 46834 | Elf:2    | Identified the ring of Xom's Wantonness {rPois Str+4 Int+3
                  | Stlth+} (You found it on level 2 of the Elven Halls)
 47009 | Elf:2    | Reached skill level 10 in Earth Magic
 47009 | Elf:2    | Reached XP level 17. HP: 143/154 MP: 31/31
 47019 | Elf:2    | Found a huge runed translucent gate.
 47019 | Elf:2    | Found a huge runed translucent gate.
 47019 | Elf:2    | Found a huge runed translucent gate.
 47025 | Elf:2    | Found a huge runed translucent gate.
 47025 | Elf:2    | Found a huge runed translucent gate.
 49920 | Swamp:3  | Found a transporter.
 50070 | Swamp:3  | Found a transporter.
 51549 | Swamp:4  | Entered Level 4 of the Swamp
 52338 | Swamp:4  | Reached skill level 15 in Fighting
 53317 | Swamp:4  | Got a decaying rune of Zot
 53653 | Swamp:4  | Reached skill level 16 in Unarmed Combat
 53662 | Swamp:4  | Found the +0 mask of the Dragon {MR+ Slay+3 SInv}
 53964 | Lair:4   | Killed Aizul
 55203 | Spider:1 | Identified Roxanne's Compendium of Changing
 55203 | Spider:1 | Noticed Roxanne
 55230 | Spider:1 | Killed Roxanne
 55451 | Spider:1 | Learned a level 2 spell: Passwall
 55457 | Spider:1 | Learned a level 5 spell: Borgnjor's Vile Clutch
 55641 | Spider:2 | Reached XP level 18. HP: 165/165 MP: 26/32
 55692 | Spider:2 | Noticed Arachne
 55708 | Spider:2 | Killed Arachne
 56623 | Spider:2 | Reached skill level 17 in Unarmed Combat
 58055 | Spider:3 | Learned a level 1 spell: Apportation
 58326 | Spider:4 | Entered Level 4 of the Spider Nest
 58335 | Spider:4 | Noticed Kirke
 58347 | Spider:4 | Killed Kirke
 58467 | Spider:4 | Blown up by an orb spider

Skill      XL: |  1  2  3  4  5  6  7  8  9 10 11 12 13 14 15 16 17 18 |
---------------+-------------------------------------------------------+-----
Unarmed Combat | 4 5 10 8 11 12 13 14 15 16 17 | 17.6
Transmutations | 3 6 10 7 12 13 | 13.0
Poison Magic   | 4 |  4.0
Dodging        | 3 5 6 8 9 10 11 | 11.0
Fighting       | 3 5 7 9 10 12 13 14 15 16 | 16.4
Spellcasting   | 3 6 7 10 | 10.0
Evocations     | 4 5 8 |  8.5
Necromancy     | 4 6 |  6.0
Charms         | 2 |  2.3
Earth Magic    | 10 12 | 12.0

Action                   |  1- 3 |  4- 6 |  7- 9 | 10-12 | 13-15 | 16-18 || total
-------------------------+-------+-------+-------+-------+-------+-------++-------
Melee: Unarmed           |   101 |   137 |   552 |   750 |  1468 |  1353 ||  4361
       Kick              |    10 |    13 |     9 |       |       |       ||    32
       Tailslap          |    11 |    13 |    74 |   118 |   218 |   213 ||   647
       Headbutt          |     1 |     6 |     1 |       |       |       ||     8
       Punch             |       |     3 |    20 |    22 |       |       ||    45
Throw: Dart              |       |       |     2 |     3 |    11 |    12 ||    28
 Cast: Beastly Appendage |    16 |    18 |     7 |       |       |       ||    41
       Sticks to Snakes  |     7 |    19 |    28 |    15 |       |       ||    69
       Spider Form       |       |       |    13 |       |       |       ||    13
       Blade Hands       |       |       |    12 |    38 |    87 |    25 ||   162
       Regeneration      |       |       |       |       |     1 |     2 ||     3
       Statue Form       |       |       |       |       |       |    42 ||    42
       Borgnjor's Vile C |       |       |       |       |       |     2 ||     2
Invok: Sacrifice Experie |       |       |     1 |       |       |       ||     1
       Sacrifice Stealth |       |       |       |     1 |       |       ||     1
       Sacrifice Purity  |       |       |       |     1 |       |       ||     1
       Reject Sacrifices |       |       |       |     1 |     1 |     1 ||     3
       Sacrifice a Hand  |       |       |       |     1 |       |       ||     1
       Draw Out Power    |       |       |       |       |     3 |       ||     3
       Apocalypse        |       |       |       |       |     2 |     3 ||     5
Evoke: Wand              |       |       |       |       |     2 |    11 ||    13
       Lamp of fire      |       |       |       |       |     1 |     3 ||     4
       Box of beasts     |       |       |       |       |     1 |       ||     1
  Use: Scroll            |       |    10 |    13 |     7 |    15 |    10 ||    55
       Potion            |       |       |     1 |     3 |     6 |     2 ||    12
 Stab: Distracted        |     1 |     1 |     3 |     6 |    10 |    11 ||    32
       Sleeping          |       |       |     2 |       |       |       ||     2
       Invisible         |       |       |       |     6 |    17 |    22 ||    45
       Paralysed         |       |       |       |     2 |    26 |    11 ||    39
  Eat: Chunk             |     2 |     7 |    21 |    40 |    52 |    30 ||   152
       Ration            |       |     1 |     4 |     1 |     8 |    18 ||    32
Armor: Skin              |    36 |    46 |   149 |   210 |   358 |   706 ||  1505
Dodge: Dodged            |    59 |    90 |   283 |   538 |  1082 |  1383 ||  3435
Block: Other             |       |       |       |       |    62 |   246 ||   308
       Reflection        |       |       |       |       |       |     5 ||     5
